 Dungeon Crawl Stone Soup version 0.19.0-11-g3fc08b3 (webtiles) character file.

1013 Larett the Prestidigitator (level 8, -2/64 HPs)
             Began as a Gargoyle Artificer on Nov 9, 2016.
             Slain by an orc warrior
             ... wielding a +0 dire flail
              (12 damage)
             ... on level 6 of the Dungeon.
             The game lasted 00:18:24 (5424 turns).

Larett the Prestidigitator (Gargoyle Artificer)     Turns: 5424, Time: 00:18:24

Health: -2/64      AC: 24    Str: 15    XL:     8   Next: 21%
Magic:  14/14      EV:  2    Int: 13    God:
Gold:   249        SH:  2    Dex: 12    Spells: 0 memorised, 7 levels left

rFire  . . .     SeeInvis .     b - +0 short sword (venom)
rCold  + . .     Gourm    .     (armour currently unavailable)
rNeg   + + +     Faith    .     (no shield)
rPois  ∞         Spirit   .     (helmet currently unavailable)
rElec  .         Reflect  +     (cloak currently unavailable)
rCorr  .         Harm     .     (gloves currently unavailable)
MR     .....     NoTele   +     (boots currently unavailable)
Stlth  ++........               q - +2 amulet of reflection
                                (no ring)
                                p - ring of protection from cold

@: tree-form
A: negative energy resistance 1, (electricity resistance), (unbreathing),
petrification resistance, rot immunity, AC +5
a: no special abilities


You were on level 6 of the Dungeon.
You were hungry.
You were a tree.
You visited 1 branch of the dungeon, and saw 6 of its levels.

You collected 249 gold pieces.

Inventory:

Hand Weapons
 a - a +0 morningstar
 b - a +0 short sword of venom (weapon)
 F - a +0 flail
Missiles
 g - 52 poisoned needles
 h - 52 sling bullets
 i - 26 bolts
 j - 141 stones (quivered)
 s - 60 arrows
Armour
 m - a +1 scale mail (melded)
 B - a +0 cloak (melded)
 G - a +1 pair of gloves (melded)
Jewellery
 p - a ring of protection from cold (left branch)
 q - a +2 amulet of reflection (around neck)
Wands
 c - a wand of flame (7/48)
 d - a wand of enslavement (3/24)
 e - a wand of random effects (15/48)
 y - a wand of slowing (29/48)
 M - a wand of confusion (22/48)
Scrolls
 r - a scroll of enchant armour
 v - 2 scrolls of teleportation {unknown}
 z - a scroll of random uselessness {unknown}
 D - a scroll of enchant weapon {unknown}
 E - a scroll of blinking {unknown}
 H - a scroll of remove curse
 J - a scroll of amnesia {unknown}
 K - 4 scrolls of magic mapping
 L - a scroll of fear {unknown}
Potions
 k - a potion of cancellation
 l - a potion of heal wounds {unknown}
 o - a potion of brilliance
 t - 3 potions of flight
 u - 2 potions of magic
 w - 2 potions of berserk rage {unknown}
 I - a potion of degeneration {unknown}
 N - a potion of curing {unknown}
Comestibles
 f - 4 bread rations
 x - 2 beef jerkies
 A - a royal jelly
 C - 2 meat rations
 O - 2 chunks of flesh {@w1}


   Skills:
 - Level 1.1 Fighting
 - Level 0.8 Short Blades
 - Level 1.5 Dodging
 - Level 1.1 Stealth
 + Level 9.0 Evocations


You had 7 spell levels left.
You didn't know any spells.

Dungeon Overview and Level Annotations

Branches:
Dungeon (6/15)
 Temple: D:4-7

Altars:


Innate Abilities, Weirdness & Mutations

You are resistant to torment.
((Your stone body is resilient. (AC +5)))
You are immune to poison.
You resist negative energy. (rN+)
((You are resistant to electric shocks. (rElec)))
((You can survive without breathing.))
You are immune to petrification.
You are immune to rotting.


Message History

The orc warrior hits you but does no damage.
You closely miss the orc warrior.
The orc warrior is lightly wounded.
The orc warrior hits you with a dire flail.
* * * LOW HITPOINT WARNING * * *
You closely miss the orc warrior.
The orc warrior is lightly wounded.
The orc warrior hits you but does no damage.
You hit the orc warrior.
The orc warrior is lightly wounded.
The orc warrior hits you with a dire flail.
* * * LOW HITPOINT WARNING * * *
You hit the orc warrior but do no damage.
The orc warrior is lightly wounded.
The orc warrior barely misses you.
You completely miss the orc warrior.
The orc warrior is lightly wounded.
You are feeling hungry.
The orc warrior hits you with a dire flail!
You die...

### ..# #.# #. ..#
##..###.# ........#
###############.###
#.........♣or.....##
#######.###############..#
...........# ##.#
#######.##.# #.########
#......# #..)).....
#.##.### ##.####### #.##.#
#........ #.##.# #.......≈
#.##.# #.....≈≈≈


You could see an orc warrior and a river rat.

Vanquished Creatures
  The ghost of emerson the Fighter, a novice DsMo (D:5)
  Menkaure (D:5)
  A bullfrog (D:5)
  A scorpion (D:5)
  A water moccasin skeleton (D:3)
  A bullfrog zombie (D:5)
  A hound (D:5)
  A jelly (D:5)
  An orc priest (D:3)
  2 bullfrog skeletons
  4 orc wizards
  3 gnolls
  6 adders
  An adder skeleton (D:4)
  4 worms
  2 dart slugs
  2 leopard geckos
  16 orcs
  3 ball pythons
  4 giant cockroaches
  7 goblins
  6 hobgoblins
  11 jackals
  12 kobolds
  3 quokkas
  5 bats
  9 frilled lizards
  A jackal skeleton (D:4)
  8 rats
118 creatures vanquished.

Vanquished Creatures (collateral kills)
  An orc priest (D:6)
  A gnoll (D:3)
  A river rat (D:6)
  A worm (D:2)
  7 orcs
  2 giant cockroaches (D:6)
13 creatures vanquished.

Vanquished Creatures (others)
  An orc priest (D:4)
  A worker ant (D:5)
  3 gnolls
  A hobgoblin (D:1)
6 creatures vanquished.

Grand Total: 137 creatures vanquished

Notes
Turn   | Place    | Note
-------+----------+-------------------------------------------
     0 | D:1      | Larett the Gargoyle Artificer began the quest for the Orb.
     0 | D:1      | Reached XP level 1. HP: 12/12 MP: 2/2
   314 | D:1      | Reached skill level 3 in Evocations
   450 | D:1      | Reached XP level 2. HP: 16/16 MP: 4/4
   746 | D:1      | Reached XP level 3. HP: 20/20 MP: 5/5
  1193 | D:2      | Reached skill level 4 in Evocations
  1508 | D:2      | Reached XP level 4. HP: 20/25 MP: 7/7
  1527 | D:2      | Found a faded altar of an unknown god.
  1899 | D:3      | Reached skill level 5 in Evocations
  1899 | D:3      | Reached XP level 5. HP: 25/29 MP: 8/8
  2344 | D:3      | Reached skill level 6 in Evocations
  2344 | D:3      | Reached XP level 6. HP: 29/34 MP: 10/10
  3442 | D:5      | Entered Level 5 of the Dungeon
  3442 | D:5      | Noticed emerson's ghost (novice DsMo)
  3474 | D:5      | Killed emerson's ghost
  3474 | D:5      | Reached skill level 7 in Evocations
  3474 | D:5      | Reached XP level 7. HP: 13/38 MP: 12/12
  3790 | D:5      | HP: 6/38 [gnoll/halberd (8)]
  3798 | D:5      | HP: 6/38 [jackal (1)]
  4132 | D:5      | Noticed Menkaure
  4135 | D:5      | Reached skill level 8 in Evocations
  4150 | D:5      | Killed Menkaure
  4150 | D:5      | Reached XP level 8. HP: 24/43 MP: 14/14
  5384 | D:6      | Reached skill level 9 in Evocations
  5410 | D:6      | HP: 7/43 [orc warrior/dire flail (12)]
  5420 | D:6      | HP: 12/64 [orc warrior/dire flail (1)]
  5424 | D:6      | Slain by an orc warrior

Skill      XL: |  1  2  3  4  5  6  7  8 |
---------------+-------------------------+-----
Evocations     | 3 4 5 6 7 8 9 |  9.0
Fighting       | |  1.1
Short Blades   | |  0.8
Dodging        | |  1.5
Stealth        | |  1.1

Action                   |  1- 3 |  4- 6 |  7- 9 || total
-------------------------+-------+-------+-------++-------
Melee: Whip              |   155 |   242 |       ||   397
       Short sword       |     8 |    95 |    69 ||   172
       Morningstar       |       |    28 |    24 ||    52
Throw: Stone             |     3 |       |     7 ||    10
Evoke: Wand              |     2 |    12 |    11 ||    25
  Use: Scroll            |     6 |     5 |     1 ||    12
       Potion            |       |     1 |     1 ||     2
  Eat: Chunk             |     2 |     7 |     4 ||    13
       Royal jelly       |       |       |     1 ||     1
Armor: Scale mail        |    65 |   243 |    67 ||   375
       Leather armour    |    16 |       |       ||    16
       Skin              |       |       |     2 ||     2
Dodge: Dodged            |    88 |   193 |    58 ||   339
Block: Other             |     5 |    42 |     9 ||    56
